 Dungeon Crawl Stone Soup version 0.27.1-1-g398f81649c (webtiles) character file.

Game seed: 843781139120052223

196 Atelerd the Digger (level 5, -2/32 HPs)
             Began as an Octopode Earth Elementalist on Sept 21, 2021.
             Killed from afar by a dart slug (4 damage)
             ... with a slug dart
             ... on level 3 of the Dungeon.
             The game lasted 00:03:27 (2650 turns).

Atelerd the Digger (Octopode Earth Elementalist)    Turns: 2650, Time: 00:03:28

Health: -2/32      AC:  1    Str:  8    XL:     5   Next: 74%
Magic:  1/9        EV: 13    Int: 18    God:
Gold:   110        SH:  0    Dex: 12    Spells: 8/9 levels left

rFire    . . .     SeeInvis .   i - +2 dagger (elec)
rCold    . . .     Faith    .   (no shield)
rNeg     . . .     Spirit   .   (helmet restricted)
rPois    .         Reflect  .   (no amulet)
rElec    .         Harm     .   (no ring)
rCorr    .         Rampage  .   (no ring)
Will     .....                  (no ring)
Stlth    +++.......             (no ring)
HPRegen  0.10/turn              (no ring)
MPRegen  0.11/turn              (no ring)
                                (no ring)
                                (no ring)

@: no status effects
A: almost no armour, amphibious, 8 rings, camouflage 1, gelatinous body 1,
(nimble swimmer 1), tentacles
a: no special abilities


You were on level 3 of the Dungeon.
You visited 1 branch of the dungeon, and saw 3 of its levels.

You collected 110 gold pieces.

Inventory:

Hand Weapons
 h - a +0 dagger
 i - a +2 dagger of electrocution (weapon)
Missiles
 b - 96 stones
Scrolls
 a - 3 scrolls of magic mapping {unknown}
 c - a scroll of blinking {unknown}
 d - 2 scrolls of identify {unknown}
 e - 3 scrolls of teleportation {unknown}
 g - a scroll of fear {unknown}
 j - a scroll of silence {unknown}
 l - a scroll of noise {unknown}
 n - a scroll of holy word {unknown}
Potions
 f - a potion of heal wounds {unknown}
 k - a potion of might {unknown}
 m - a potion of mutation {unknown}
 o - a potion of brilliance {unknown}


   Skills:
 + Level 0.5 Fighting
 + Level 0.3 Short Blades
 - Level 2.0 Dodging
 + Level 4.0 Stealth
 + Level 2.8 Spellcasting
 * Level 3.0 Transmutations
 * Level 4.2 Earth Magic


You had 8 spell levels left.
You knew the following spells:

 Your Spells              Type           Power      Damage    Failure   Level
a - Sandblast             Erth           34%        2d9       3%          1

Your spell library contained the following spells:

 Spells                   Type           Power      Damage    Failure   Level
 Passwall                 Tmut/Erth      12%        N/A       5%          2
 Stone Arrow              Conj/Erth      20%        3d8       22%         3
 Static Discharge         Conj/Air       2%         N/A       26%         2
 Petrify                  Tmut/Erth      15%        N/A       36%         4
 Dispel Undead            Necr           2%         3d7       86%         4
 Sticky Flame             Conj/Fire      2%         2d3       86%         4


Dungeon Overview and Level Annotations

Branches:
Dungeon (3/15)

Altars:

Shops:
D:1 *


Innate Abilities, Weirdness & Mutations

You cannot wear most types of armour.
You are amphibious.
You can wear up to eight rings at the same time.
Your skin changes colour to match your surroundings (Stealth+).
Your rubbery body absorbs attacks. (AC +1, EV +1)
((You are camouflaged near water. (Stealth+)))
You have tentacles for arms and can constrict up to eight enemies at once.


Message History

Unknown command.
Unknown command.
Casting: Sandblast (safe; 3% risk of failure)
Confirm with . or Enter, or press ? or * to list all spells.
Aiming: Sandblast (safe; 3% risk of failure)
Press: ? - help, Shift-Dir - straight line, f - bat
Aim: a bat (69% to hit)
The blast of sand hits the bat!
You kill the bat!
Unknown command.
Casting: Sandblast (safe; 3% risk of failure)
Confirm with . or Enter, or press ? or * to list all spells.
Aiming: Sandblast (safe; 3% risk of failure)
Press: ? - help, Shift-Dir - straight line, f - kobold
Aim: a kobold, wielding a +0 whip (74% to hit)
The blast of sand hits the kobold.
The kobold is severely wounded.
The kobold barely misses you.
Unknown command.
Casting: Sandblast (safe; 3% risk of failure)
Confirm with . or Enter, or press ? or * to list all spells.
Aiming: Sandblast (safe; 3% risk of failure)
Press: ? - help, Shift-Dir - straight line, f/p - kobold
Aim: a kobold, wielding a +0 whip (severely wounded, 74% to hit)
The blast of sand hits the kobold.
You kill the kobold!
Unknown command.
Things that are here:
a +0 whip; a kobold corpse The dart slug launches a dart at you.
The slug dart hits you.
* * * LOW HITPOINT WARNING * * *
Okay, then.
You hit the dart slug but do no damage. You grab the dart slug.
You squeeze the dart slug.
The dart slug is heavily wounded.
You constrict the dart slug. The dart slug launches a dart at you.
The slug dart hits you.
You die...

.................#
.................#...# #
.................#...# .#.
.................#...##..
.................#......
.................#..(.##..
..........)......#.......
...............w.#...###
................@..)...#
.............†...#####.#
......w..........# .#
.................# ..
..$.............# ##.
...............# ..
.(............# ..
...........# ###
#.......<#.#


You could see a dart slug.

Vanquished Creatures
  A jelly (D:3)
  An iguana (D:3)
  An orc wizard (D:3)
  Terence (D:2)
  Robin (D:2)
  2 adders (D:2)
  3 orcs (D:3)
  11 bats
  6 endoplasms
  2 giant cockroaches (D:2)
  5 goblins
  7 hobgoblins
  2 quokkas
  4 ball pythons
  3 frilled lizards
  7 kobolds
  4 rats
61 creatures vanquished.

Notes
Turn   | Place    | Note
-------+----------+-------------------------------------------
     0 | D:1      | Atelerd the Octopode Earth Elementalist began the quest for
                  | the Orb.
     0 | D:1      | Reached XP level 1. HP: 11/11 MP: 3/3
   780 | D:1      | Reached XP level 2. HP: 6/17 MP: 3/5
  1045 | D:1      | Found Geuwucka's General Store.
  1336 | D:2      | Noticed Robin
  1360 | D:2      | Reached XP level 3. HP: 18/21 MP: 0/6
  1655 | D:2      | Killed Robin
  1978 | D:2      | Reached XP level 4. HP: 27/27 MP: 7/7
  2351 | D:2      | Noticed Terence
  2359 | D:2      | Killed Terence
  2510 | D:3      | Reached XP level 5. HP: 31/31 MP: 5/9
  2650 | D:3      | Killed from afar by a dart slug

Illustrated notes

Levels and vault maps discovered:
D:1:      tarquinn_simple_flora_water_d, layout_rooms, serial_shops, shop,
          serial_bayou_crossing
D:2:      layout_loops_cross, uniq_terence, uniq_robin
D:3:      layout_basic, vehumet_crystals

Skill      XL: |  1  2  3  4  5 |
---------------+----------------+-----
Stealth        | 3 4 |  4.0
Transmutations | 2 3 |  3.0
Earth Magic    | 4 |  4.2
Fighting       | |  0.5
Short Blades   | |  0.3
Dodging        | |  2.0
Spellcasting   | |  2.8

Action                   |  1- 3 |  4- 6 || total
-------------------------+-------+-------++-------
Melee: Unarmed           |    22 |       ||    22
       Tentacles         |     7 |     2 ||     9
       Dagger            |    38 |    37 ||    75
       Constrict         |    14 |     9 ||    23
 Cast: Sandblast         |    21 |    19 ||    40
 Stab: Sleeping          |     9 |     2 ||    11
Armor: Skin              |     8 |     7 ||    15
Dodge: Dodged            |    55 |    38 ||    93
